 Dungeon Crawl Stone Soup version 0.29.1-1-gd02db6906a (webtiles) character file.

Game seed: 5660614147761703235

1506 ImASeal the Thaumaturge (level 9, -2/59 HPs)
             Began as a Djinni Fire Elementalist on Sept 15, 2022.
             Was a Follower of Makhleb.
             Slain by Duvessa
             ... wielding a +1 short sword of speed
              (10 damage)
             ... on level 6 of the Dungeon.
             The game lasted 00:21:47 (7924 turns).

ImASeal the Thaumaturge (Djinni Fire Elementalist)  Turns: 7924, Time: 00:21:49

Health: -2/59      AC:  6    Str:  7    XL:     9   Next: 8%
Gold:   414        EV: 12    Int: 21    God:    Makhleb [*.....] SH:  0 Dex: 14

rFire   + . .      SeeInvis .   F - staff of earth
rCold   . . .      Faith    .   (no shield)
rNeg    . . .      Spirit   .   a - +0 robe
rPois   ∞          Reflect  .   (no helmet)
rElec   .          Harm     .   D - +1 cloak
rCorr   .          Rampage  .   C - +1 pair of gloves
Will    +....                   (boots unavailable)
Stlth   ++........              e - amulet of the acrobat
HPRegen 0.19/turn               f - ring of ice
MPRegen 0.00/turn               m - ring of willpower

@: flying
A: sickness immunity, fire resistance 2, cold vulnerability 1, float, innate
caster, HP casting, extra vitality 1
a: Renounce Religion


You were on level 6 of the Dungeon.
You worshipped Makhleb.
Makhleb was aware of your devotion.
You visited 1 branch of the dungeon, and saw 6 of its levels.
You also visited: Sewer.

You collected 414 gold pieces.

Inventory:

Hand Weapons
 j - a +0 club
 u - a +1 dagger of venom
Armour
 a - a +0 robe (worn)
 C - a +1 pair of gloves (worn)
 D - a +1 cloak (worn)
Magical Staves
 F - a staff of earth (weapon)
Jewellery
 e - an amulet of the acrobat (around neck)
 f - a ring of ice (left hand)
 i - an amulet of reflection
 m - a ring of willpower (right hand)
 q - a ring of willpower
Wands
 d - a wand of light (14)
 v - a wand of digging (7)
 G - a wand of charming (8)
 I - a wand of polymorph (7)
Scrolls
 h - a scroll of fear {unknown}
 k - 4 scrolls of vulnerability
 l - 3 scrolls of blinking
 o - 3 scrolls of magic mapping {unknown}
 r - a scroll of poison {unknown}
 x - 5 scrolls of teleportation {unknown}
 y - a scroll of amnesia {unknown}
 z - a scroll of enchant armour {unknown}
 B - 4 scrolls of identify
 E - a scroll of noise {unknown}
 H - a scroll of fog {unknown}
Potions
 b - a potion of might {unknown}
 c - a potion of curing {unknown}
 g - 2 potions of lignification {unknown}
 n - 2 potions of heal wounds
 p - 5 potions of brilliance {unknown}
 s - a potion of invisibility {unknown}
 t - a potion of magic {unknown}
 w - 4 potions of attraction {unknown}
 A - a potion of flight {unknown}


   Skills:
 * Level 2.7 Fighting
 - Level 2.8 Dodging
 - Level 2.0 Stealth
 - Level 8.1 Spellcasting


You had 3 spell levels left.
You knew the following spells:

 Your Spells              Type           Power      Damage    Failure   Level
a - Foxfire               Conj/Fire      100%       2x1d9     1%          1
b - Scorch                Fire           84%        2d9       1%          2
c - Conjure Flame         Conj/Fire      42%        6-21      1%          3
d - Inner Flame           Hex/Fire       42%        N/A       1%          3
e - Flame Wave            Conj/Fire      42%        2d11      2%          4
f - Sting                 Tmut/Pois      100%       1d8       1%          1
g - Static Discharge      Conj/Air       42%        3-9/arc   1%          2
h - Blink                 Tloc           84%        N/A       1%          2
i - Swiftness             Air            42%        N/A       1%          3
Your spell library was empty.

Dungeon Overview and Level Annotations

Branches:
Dungeon (6/15)              Sewer (visited)
 Temple: D:4-7

Altars:
Dithmenos
Makhleb
Okawaru
Qazlal
Trog
Yredelemnul
Zin

Shops:
D:1 =

Annotations:
D:5 2 runed translucent doors
D:6 Duvessa


Innate Abilities, Weirdness & Mutations

You are immune to sickness and miasma.
You are immune to poison.
Your flesh is very heat resistant. (rF++)
You are vulnerable to cold. (rC-)
You float through the air rather than walking.
You learn spells naturally, not from books.
Your magical power is your life essence.
You have superior vitality. (+4 MHP)


Message History

Flames lash Dowan.
Dowan is burned terribly!
You kill Dowan!
Makhleb accepts your kill.
Duvessa weeps, and shakes her weapon.
Duvessa goes berserk!
Duvessa hits you with a +1 short sword of speed!
Duvessa hits you with a +1 short sword of speed.
Casting: Scorch (safe; 1% risk of failure)
Confirm with . or Enter, or press ? or * to list all spells.
Flames lash Duvessa.
Duvessa is heavily wounded.
Duvessa hits you with a +1 short sword of speed!
Duvessa hits you with a +1 short sword of speed. x2
* * * LOW HITPOINT WARNING * * *
Casting: Scorch (safe; 1% risk of failure)
Confirm with . or Enter, or press ? or * to list all spells.
You blink.
* * * LOW HITPOINT WARNING * * *
You feel much better.
You feel stable enough to blink again.
Duvessa hits you with a +1 short sword of speed!
Duvessa closely misses you.
Duvessa hits you with a +1 short sword of speed!
You feel much better.
Duvessa hits you with a +1 short sword of speed!
Duvessa hits you but does no damage.
Casting: Blink (safe; 1% risk of failure)
Confirm with . or Enter, or press ? or * to list all spells.
Flames lash Duvessa but do no damage.
Duvessa hits you with a +1 short sword of speed!
* * * LOW HITPOINT WARNING * * *
Duvessa barely misses you.
Casting: Scorch (safe; 1% risk of failure)
Confirm with . or Enter, or press ? or * to list all spells.
You conjure some foxfire!
* * * LOW HITPOINT WARNING * * *
Duvessa hits you with a +1 short sword of speed.
* * * LOW HITPOINT WARNING * * *
Duvessa hits you with a +1 short sword of speed!
You die...

#.....# #.....#
#.....# #.....###
#..:....##
####.....<..##
.....[..)....###
#######.v###...#####
#⌠....#e@# ##......#
#8....'v##
#...##.####
#⌠....#.#
###.......##
##+#+##.#
###..##...# #..
##..###.. #...
##...##. #....
###..## ......
########.#. #......
#.....##...


You could see Duvessa (berserk, combustible, ally target).

Vanquished Creatures
  Pargi (Sewer)
  2 black bears (D:5)
  4 ogres
  A scorpion (D:4)
  Dowan (D:6)
  A gnoll bouda (D:5)
  2 hounds (D:4)
  5 jellies
  Natasha (twice) (D:3)
  Terence (D:3)
  4 iguanas
  3 orc wizards
  Ijyb (D:3)
  7 adders
  4 gnolls (D:5)
  A river rat (D:5)
  A white imp (D:6)
  4 worms
  4 dart slugs
  7 orcs
  9 ball pythons
  14 endoplasms
  A giant cockroach (D:1)
  12 goblins
  9 hobgoblins
  4 jackals (D:2)
  15 kobolds
  6 quokkas
  3 bats
  14 frilled lizards
  10 rats
153 creatures vanquished.

Vanquished Creatures (others)
  393 foxfires
  9 fungi (D:2)
  6 plants (D:5)
  6 toadstools (D:2)
414 creatures vanquished.

Grand Total: 567 creatures vanquished

Notes
Turn   | Place    | Note
-------+----------+-------------------------------------------
     0 | D:1      | ImASeal the Djinni Fire Elementalist began the quest for
                  | the Orb.
     0 | D:1      | ImASeal set off with the following spells memorised:
                  | Foxfire, Scorch, Conjure Flame, Inner Flame, Flame Wave.
     0 | D:1      | Reached XP level 1. HP: 15/15 MP: 0/0
   128 | D:1      | Found Bullo's Jewellery Shop.
   432 | D:1      | Reached XP level 2. HP: 20/21 MP: 0/0
   924 | D:1      | Reached skill level 3 in Spellcasting
   967 | D:1      | Reached XP level 3. HP: 23/25 MP: 0/0
   967 | D:1      | Learned a level 1 spell: Sting
  1513 | D:1      | Reached XP level 4. HP: 12/31 MP: 0/0
  1985 | D:2      | Reached XP level 5. HP: 29/35 MP: 0/0
  1985 | D:2      | Learned a level 2 spell: Static Discharge
  2382 | D:2      | Reached skill level 4 in Spellcasting
  2530 | D:2      | Found a faded altar of an unknown god.
  3527 | D:3      | Noticed Terence
  3533 | D:3      | Killed Terence
  3593 | D:3      | Reached XP level 6. HP: 13/40 MP: 0/0
  3958 | D:3      | Noticed Ijyb
  3969 | D:3      | Killed Ijyb
  4097 | D:3      | Identified the +3 leather armour of Zory {rElec rN+ Str-4
                  | Slay+2}
  4135 | D:3      | Found a large runed translucent door.
  4136 | D:3      | Found a large runed translucent door.
  4311 | D:3      | Noticed Natasha
  4318 | D:3      | Killed Natasha
  4319 | D:3      | Reached skill level 5 in Spellcasting
  4623 | D:3      | Found a basalt altar of Yredelemnul.
  4626 | D:3      | Found an iron altar of Okawaru.
  4646 | D:3      | Noticed Natasha
  4650 | D:3      | Killed Natasha
  4762 | D:4      | Reached XP level 7. HP: 43/45 MP: 0/0
  4762 | D:4      | Learned a level 2 spell: Blink
  5104 | D:4      | Reached skill level 6 in Spellcasting
  5325 | D:4      | Found a burning altar of Makhleb.
  5325 | D:4      | Found a shadowy altar of Dithmenos.
  5326 | D:4      | Found a glowing silver altar of Zin.
  5327 | D:4      | Found a stormy altar of Qazlal.
  5334 | D:4      | Became a worshipper of Makhleb the Destroyer
  5699 | D:4      | Reached XP level 8. HP: 42/50 MP: 0/0
  5783 | D:5      | Entered Level 5 of the Dungeon
  5963 | D:5      | Reached skill level 7 in Spellcasting
  6092 | D:5      | Found a bloodstained altar of Trog.
  6209 | D:5      | Found a runed translucent door.
  6218 | D:5      | Found a runed translucent door.
  6513 | D:5      | Reached * piety under Makhleb
  6515 | D:5      | Found a glowing drain.
  6522 | Sewer    | Entered a sewer
  6632 | Sewer    | Noticed Pargi
  6636 | Sewer    | Killed Pargi
  6998 | D:5      | Reached skill level 8 in Spellcasting
  7737 | D:6      | Reached XP level 9. HP: 51/58 MP: 0/0
  7737 | D:6      | Learned a level 3 spell: Swiftness
  7797 | D:6      | Identified the +3 mace of Kuun {vorpal, rPois Will+ Dex+2}
  7911 | D:6      | Noticed Duvessa
  7911 | D:6      | Noticed Dowan
  7918 | D:6      | Killed Dowan
  7924 | D:6      | Slain by Duvessa

Illustrated notes

Levels and vault maps discovered:
D:1:      grunt_arrival_crossed_arrows, layout_loops_ring, serial_shops, shop,
          minmay_close_crescents
D:2:      cheibrodos_fertilizer, layout_loops_corners,
          nicolae_ecumenical_oubliette
D:3:      layout_loops_cross, jmf_multi_god_temple2, minmay_misc_feat_square,
          uniq_terence, uniq_ijyb, uniq_natasha
D:4:      minmay_razor_zed, layout_cave_pools, minitemple, corexii_checkpoint_a
D:5:      lemuel_insect_pit, layout_basic, trog_ov_bears_minmay,
          gup_sewer_entry_bubbles, chequers_mini_garden, minmay_lizard_king
D:6:      dreamdust_elfheim, layout_rooms, uniq_maggie

Skill      XL: |  1  2  3  4  5  6  7  8 |
---------------+-------------------------+-----
Spellcasting   | 3 4 5 6 8 |  8.1
Stealth        | 2 |  2.0
Fighting       | 2 |  2.7
Dodging        | |  2.8

Action                   |  1- 3 |  4- 6 |  7- 9 || total
-------------------------+-------+-------+-------++-------
Melee: Dagger            |       |       |     1 ||     1
 Cast: Foxfire           |    30 |    79 |   138 ||   247
       Scorch            |    12 |    44 |    49 ||   105
       Blink             |       |       |     4 ||     4
  Use: Scroll            |       |       |     3 ||     3
       Potion            |       |       |     2 ||     2
Armor: Robe              |     5 |       |     4 ||     9
Dodge: Dodged            |    16 |    10 |    11 ||    37
